 Dungeon Crawl Stone Soup version 0.23.2-1-ga50397a6bc (webtiles) character file.

Game seed: 1272140212984099495

27745 LabCoat the Severer (level 13, -4/116 HPs)
             Began as a Hill Orc Fighter on May 20, 2019.
             Was a High Priest of Trog.
             Slain by a harpy (11 damage)
             ... summoned by Kirke
             ... on level 4 of the Lair of Beasts on May 21, 2019.
             The game lasted 00:56:29 (13534 turns).

LabCoat the Severer (Hill Orc Fighter)             Turns: 13534, Time: 00:56:30

Health: -4/116     AC:  0    Str: 22    XL:     13   Next: 34%
Magic:  15/15      EV: 13    Int:  8    God:    Trog [*****.]
Gold:   611        SH:  0    Dex: 12    Spells: 12/12 levels left

rFire    . . .     SeeInvis .   (weapon currently unavailable)
rCold    . . .     Gourm    .   (shield currently unavailable)
rNeg     . . .     Faith    .   (armour currently unavailable)
rPois    .         Spirit   .   (helmet currently unavailable)
rElec    .         Reflect  .   (cloak currently unavailable)
rCorr    .         Harm     .   (gloves currently unavailable)
MR       .....                  (boots currently unavailable)
Stlth    +.........             (no amulet)
HPRegen  0.29/turn              (ring currently unavailable)
MPRegen  0.14/turn              (ring currently unavailable)

@: about to teleport, pig-form, berserk cooldown, slowed
A: small
a: Berserk, Trog's Hand, Brothers in Arms, Renounce Religion


You were on level 4 of the Lair of Beasts.
You worshipped Trog.
Trog was extremely pleased with you.
You were very hungry.
You were a filthy swine.
You visited 3 branches of the dungeon, and saw 15 of its levels.

You collected 1011 gold pieces.
You spent 400 gold pieces at shops.

Inventory:

Hand Weapons
 a - a +1 war axe
 b - the +7 broad axe of the Establishment (melded) {flame, +Blink rPois rF+ Stlth+}
   (You found it on level 6 of the Dungeon)

   It has been specially enchanted to burn those struck by it, causing extra
   injury to most foes and up to half again as much damage against particularly
   susceptible opponents.
   Big, fiery blades are also staple armaments of hydra-hunters.
   It protects you from fire.
   It protects you from poison.
   It lets you blink.
   It makes you more stealthy.
 i - a +3 hunting sling
 R - a +0 hand crossbow
Missiles
 q - 107 sling bullets
 D - 3 throwing nets (quivered)
 M - 13 tomahawks
 S - 16 bolts
Armour
 c - a +0 shield (melded)
 j - a +0 cloak (melded)
 n - a +0 pair of gloves (melded)
 C - a +0 pair of boots (melded)
 H - a +0 plate armour (melded)
 K - the +0 Maxwell's etheric cage (melded) {RegenMP+ *Contam rElec MP+4}
   (You bought it in a shop on level 8 of the Dungeon)

   It insulates you from electricity.
   It affects your magic capacity (+4).
   It causes magical contamination when unequipped.
Jewellery
 e - an uncursed ring of fire
Wands
 p - a wand of acid (8)
 u - a wand of disintegration (11)
 y - a wand of flame (58)
 I - a wand of iceblast (21)
 L - a wand of paralysis (14)
Scrolls
 g - 3 scrolls of enchant weapon
 h - 3 scrolls of fear
 m - 5 scrolls of teleportation
 r - 2 scrolls of random uselessness {unknown}
 s - 2 scrolls of blinking {unknown}
 w - 9 scrolls of remove curse
 x - a scroll of torment {unknown}
 B - a scroll of identify
 E - 4 scrolls of magic mapping {unknown}
 F - a scroll of fog {unknown}
 N - a scroll of brand weapon {unknown}
 P - a scroll of immolation {unknown}
 T - a scroll of summoning {unknown}
 U - a scroll of amnesia {unknown}
Potions
 d - 2 potions of might
 k - 2 potions of resistance
 l - 3 potions of mutation {unknown}
 o - 3 potions of brilliance
 t - 5 potions of agility
 v - a potion of degeneration {unknown}
 z - 2 potions of haste
 A - 2 potions of curing
 G - 2 potions of flight {unknown}
 J - a potion of invisibility {unknown}
 O - 3 potions of cancellation {unknown}
 V - a potion of berserk rage {unknown}
Comestibles
 f - 15 rations
 Q - 22 chunks of flesh


   Skills:
 + Level 11.2 Fighting
 - Level 18.8 Axes
 - Level 3.5 Slings
 + Level 9.8 Armour
 * Level 9.9 Shields
 * Level 3.8 Evocations


You had 12 spell levels left.
You didn't know any spells.
Your spell library contained the following spells:

 Spells                   Type           Power        Failure   Level  Hunger
 Summon Small Mammal      Summ           #...         41%         1    ##.....
 Call Imp                 Summ           #.......     54%         2    ###....
 Call Canine Familiar     Summ           #.......     78%         3    ####...
 Summon Guardian Golem    Hex/Summ       #.......     78%         3    ####...
 Summon Ice Beast         Ice/Summ       #.......     99%         4    #####..
 Summon Lightning Spire   Summ/Air       #.......     99%         4    #####..


Dungeon Overview and Level Annotations

Branches:
Dungeon (11/15)            Temple (1/1) D:7            Lair (2/6) D:11
    Orc (0/2) D:11
  Swamp: Lair:2-4    Shoals: Lair:2-4     Snake: Lair:2-4    Spider: Lair:2-4

Altars:
Ashenzari
Cheibriados
Dithmenos
Elyvilon
Fedhas
Gozag
Hepliaklqana
Kikubaaqudgha
Makhleb
Nemelex Xobeh
Okawaru
Qazlal
Ru
Sif Muna
Trog
Uskayaw
Vehumet
Wu Jian
Xom
Yredelemnul
Zin
The Shining One

Shops:
D:6 =   D:8 [   D:9 [   D:10 !

Annotations:
Lair:4 Kirke


Message History

You are too berserk!
You are no longer berserk.
You are exhausted.
You feel yourself slow down.
Okay, then.
As you read the scroll of fear, it crumbles to dust.
You assume a fearsome visage.
The hog looks frightened! x4
Cornered, the hog turns to fight!
You hear some strange, mumbled words.
Something summons some harpies!
As you read the scroll labeled UPONLIT OQILEE, it crumbles to dust.
You feel strangely unstable.
It was a scroll of teleportation.
The harpy screeches!
The harpy claws you!
* * * LOW HITPOINT WARNING * * *
The harpy claws you!
* * * LOW HITPOINT WARNING * * *
The harpy screeches!
The harpy claws you!
You die...

#+##...h.........
...........#P...#
#..†.....#....## #.
#............. ##..
##.......#....+... #..##
#.......##.P.#..........
#...######...........##P.........
#.............H............^....
#...........h.Hh................
##...............................
#...#.P#PP.#P....................
#....########....................
##...#####.##...#.#+.........##..
#...##.....#†#..###.####...÷÷##.#
#P..+............##..# #.....##..
##..##.....###..##P..###.........
....##P....###..+......+.....P#..


You could see 2 harpies and a hog.

Vanquished Creatures
  Gastronok (D:7)
  A hydra (D:11)
  Harold (D:8)
  A death knight (D:11)
  2 two-headed ogres
  Erica (D:11)
  Nergalle (D:10)
  A lindwurm (Lair:4)
  An ugly thing (D:8)
  A cyclops (D:11)
  A centaur zombie (D:10)
  6 elephants (Lair:2)
  3 spiny frogs
  2 komodo dragons
  4 trolls
  A merfolk (D:9)
  Grinder (D:3)
  9 blink frogs
  3 hippogriffs
  A wyvern (D:8)
  A shadow (D:11)
  17 yaks
  2 hogs (Lair:4)
  2 hungry ghosts
  A swamp worm (Lair:2)
  Duvessa (D:4)
  3 water moccasins
  7 porcupines
  5 ice beasts
  10 orc warriors
  2 sky beasts (D:8)
  2 black bears
  4 wolves (Lair:4)
  A necrophage (D:8)
  9 ogres
  An eye of draining (D:11)
  11 centaurs
  5 crocodiles
  5 big kobolds
  Blork the orc (D:4)
  14 bullfrogs
  Dowan (D:4)
  3 scorpions
  A wyvern skeleton (D:7)
  10 killer bees (D:7)
  6 wights
  3 howler monkeys (D:7)
  2 vampire bats (D:9)
  6 crimson imps
  2 orc priests
  3 hounds
  3 jellies
  2 bullfrog skeletons
  3 centaur skeletons
  A gnoll shaman (D:9)
  5 iguanas
  10 orc wizards
  7 worker ants
  Natasha (D:4)
  3 hound zombies
  2 worker ant zombies
  10 adders
  20 gnolls
  A shadow imp (D:7)
  An ooze (D:1)
  An adder skeleton (D:3)
  5 worms
  A leopard gecko (D:3)
  45 orcs
  5 giant cockroaches
  9 goblins
  11 hobgoblins
  15 jackals
  35 kobolds
  7 quokkas
  2 ball pythons
  16 bats
  7 frilled lizards
  A jackal skeleton (D:5)
  2 leopard gecko skeletons
  A quokka zombie (D:5)
  9 rats
  2 fungi (D:11)
  4 plants
430 creatures vanquished.

Vanquished Creatures (others)
  20 fungi
  9 plants (D:11)
29 creatures vanquished.

Grand Total: 459 creatures vanquished

Notes
Turn   | Place    | Note
-------+----------+-------------------------------------------
     0 | D:1      | LabCoat the Hill Orc Fighter began the quest for the Orb.
     0 | D:1      | Reached XP level 1. HP: 19/19 MP: 1/1
   254 | D:1      | Reached XP level 2. HP: 18/27 MP: 2/2
   258 | D:1      | Reached skill level 3 in Axes
   715 | D:1      | Reached XP level 3. HP: 33/33 MP: 3/3
  1217 | D:1      | Reached skill level 4 in Axes
  1295 | D:2      | Reached XP level 4. HP: 38/40 MP: 4/4
  1795 | D:2      | Reached skill level 5 in Axes
  1795 | D:2      | Reached XP level 5. HP: 44/46 MP: 5/5
  2269 | D:3      | Found a white marble altar of Elyvilon.
  2413 | D:3      | Noticed Grinder
  2440 | D:3      | Paralysed by Grinder for 5 turns
  2447 | D:3      | Killed Grinder
  2447 | D:3      | Reached skill level 6 in Axes
  2447 | D:3      | Reached skill level 1 in Slings
  2447 | D:3      | Reached XP level 6. HP: 20/53 MP: 6/6
  2745 | D:3      | Found a burning altar of Makhleb.
  3068 | D:4      | Noticed Dowan
  3068 | D:4      | Noticed Duvessa
  3086 | D:4      | Killed Duvessa
  3086 | D:4      | Reached skill level 7 in Axes
  3086 | D:4      | Reached XP level 7. HP: 53/60 MP: 7/7
  3088 | D:4      | Killed Dowan
  3684 | D:4      | Noticed Blork the orc
  3689 | D:4      | Killed Blork the orc
  3710 | D:4      | Noticed Natasha
  3715 | D:4      | Killed Natasha
  3715 | D:4      | Reached skill level 5 in Fighting
  3802 | D:5      | Entered Level 5 of the Dungeon
  3946 | D:5      | Reached skill level 8 in Axes
  3987 | D:5      | Reached XP level 8. HP: 68/68 MP: 8/8
  4021 | D:5      | Reached skill level 5 in Armour
  4219 | D:5      | Reached skill level 9 in Axes
  4742 | D:6      | Reached skill level 5 in Shields
  4857 | D:6      | Found Lyqacane's Jewellery Shop.
  4903 | D:6      | Reached skill level 10 in Axes
  4917 | D:6      | Reached XP level 9. HP: 24/75 MP: 9/9
  5273 | D:6      | Got an encrusted broad axe
  5274 | D:6      | Identified the +7 broad axe of the Establishment {flame,
                  | +Blink rPois rF+ Stlth+} (You found it on level 6 of the
                  | Dungeon)
  5294 | D:6      | Found the +3 salamander hide armour {+Rage rF++}
  5378 | D:6      | Reached skill level 11 in Axes
  5650 | D:7      | Reached skill level 12 in Axes
  5895 | D:7      | Found a sparkling altar of Nemelex Xobeh.
  5969 | D:7      | Found a staircase to the Ecumenical Temple.
  6553 | D:8      | Noticed Gastronok
  6553 | D:8      | Noticed a troll
  6562 | D:7      | Killed Gastronok
  6562 | D:7      | Reached skill level 14 in Axes
  6562 | D:7      | Reached XP level 10. HP: 53/84 MP: 10/10
  6888 | D:8      | Noticed a +0 hand axe
  6888 | D:8      | Noticed a +0 hand axe
  6892 | D:8      | Found a hide-covered altar of Uskayaw.
  6911 | D:8      | Noticed a red ugly thing
  6922 | D:8      | Killed a red ugly thing
  6999 | Temple   | Entered the Ecumenical Temple
  7169 | Temple   | Became a worshipper of Trog the Wrathful
  7206 | D:8      | Reached skill level 15 in Axes
  7295 | D:8      | Found a sacrificial altar of Ru.
  7366 | D:8      | Reached XP level 11. HP: 86/92 MP: 11/11
  7367 | D:8      | Found Icso's Armour Boutique.
  7382 | D:8      | Reached * piety under Trog
  7495 | D:8      | Noticed Harold
  7513 | D:8      | Killed Harold
  7785 | D:9      | Reached skill level 16 in Axes
  7878 | D:9      | Found a shadowy altar of Dithmenos.
  8038 | D:9      | Found Uzack's Antique Armour Emporium.
  8056 | D:9      | Reached ** piety under Trog
  8143 | D:8      | Bought the +0 Maxwell's etheric cage {RegenMP+ *Contam
                  | rElec MP+4} for 400 gold pieces
  8143 | D:8      | Found the +0 Maxwell's etheric cage {RegenMP+ *Contam rElec
                  | MP+4}
  8605 | D:9      | Reached *** piety under Trog
  8792 | D:10     | Entered Level 10 of the Dungeon
  8827 | D:10     | Noticed Nergalle
  8837 | D:10     | Killed Nergalle
  8837 | D:10     | Reached skill level 17 in Axes
  9677 | D:10     | Noticed a two-headed ogre
  9684 | D:10     | Killed a two-headed ogre
  9817 | D:10     | Found Puguseu's Distillery.
 10335 | D:11     | Reached XP level 12. HP: 102/103 MP: 12/12
 10358 | D:11     | Reached skill level 18 in Axes
 10362 | D:11     | Reached **** piety under Trog
 10364 | D:11     | Found a staircase to the Lair.
 10458 | D:11     | Noticed a two-headed ogre
 10463 | D:11     | Killed a two-headed ogre
 10502 | D:11     | Noticed Erica
 10514 | D:11     | Killed Erica
 10521 | D:11     | Noticed a death knight
 10534 | D:11     | Killed a death knight
 10590 | D:11     | Noticed a five-headed hydra
 10745 | D:11     | Killed a one-headed hydra
 10933 | D:11     | Found a staircase to the Orcish Mines.
 11172 | Lair:1   | Entered Level 1 of the Lair of Beasts
 11448 | Lair:1   | Reached skill level 1 in Evocations
 11544 | Lair:1   | Reached skill level 10 in Fighting
 12135 | Lair:2   | Reached ***** piety under Trog
 12141 | Lair:2   | Reached XP level 13. HP: 87/114 MP: 14/14
 12775 | Lair:2   | You fall through a shaft for 2 floors!
 13505 | Lair:4   | Noticed Kirke
 13534 | Lair:4   | Slain by a harpy

Skill      XL: |  1  2  3  4  5  6  7  8  9 10 11 12 13 |
---------------+----------------------------------------+-----
Axes           | 3 4 5 6 7 8 10 14 15 17 18 | 18.8
Fighting       | 4 5 6 7 8 10 11 | 11.2
Shields        | 4 5 6 7 9 |  9.9
Slings         | 1 2 3 |  3.5
Armour         | 4 5 6 7 9 |  9.8
Evocations     | 2 3 |  3.8

Action                   |  1- 3 |  4- 6 |  7- 9 | 10-12 | 13-15 || total
-------------------------+-------+-------+-------+-------+-------++-------
Melee: War axe           |   113 |   153 |   142 |       |       ||   408
       Broad axe         |       |       |   103 |   430 |   100 ||   633
       Unarmed           |       |       |       |       |    10 ||    10
 Fire: Hunting sling     |       |    33 |    43 |       |       ||    76
Throw: Throwing net      |       |       |       |       |     9 ||     9
Invok: Berserk           |       |       |       |     4 |     2 ||     6
  Use: Scroll            |     2 |     3 |     5 |     6 |     2 ||    18
       Potion            |       |     1 |     3 |     2 |       ||     6
 Stab: Paralysed         |       |       |       |     2 |       ||     2
       Invisible         |       |       |       |     1 |       ||     1
  Eat: Chunk             |     1 |     6 |     8 |    18 |     2 ||    35
       Ration            |       |       |     1 |     2 |     1 ||     4
Armor: Scale mail        |    51 |    69 |    62 |       |       ||   182
       Plate armour      |       |       |    74 |   217 |    26 ||   317
Dodge: Dodged            |    26 |    48 |    70 |    76 |    29 ||   249
Block: Shield            |    65 |    70 |   126 |   200 |    40 ||   501
